 Dungeon Crawl Stone Soup version 0.31-a0-523-g071a6c1ffa (webtiles) character file.

Game seed: 6832015014605403432

54044 Zeldest the Martial Artist (level 14, -2/77 HPs)
             Began as a Vine Stalker Shapeshifter on Aug 12, 2023.
             Was the Champion of Okawaru.
             Slain by an orc knight
             ... wielding a +0 long sword
              (9 damage)
             ... on level 9 of the Dungeon.
             The game lasted 00:36:13 (16138 turns).

Zeldest the Martial Artist (VSSh)                  Turns: 16138, Time: 00:36:13

Health: -2/77      AC: 28    Str: 25    XL:     14   Next: 71%
Magic:  0/22       EV:  6    Int:  6    God:    Okawaru [******]
Gold:   993        SH:  0    Dex: 23    Spells: 13/13 levels left

rFire   + .          .
                       - Unarmed
rCold   + + .        (no shield)
rNeg    + + +        U - +9 scales of the Dragon King {rPois rF+ rC+ Will+}
rPois   +            R - +0 hat of the Wereyak {rN+++ rCorr Int-2 Slay+3}
rElec   .            C - +0 cloak "Geirul" {+Blink rPois}
rCorr   +            G - +0 pair of gloves
SInv    .            D - +1 pair of boots of Watchfulness {rPois rN+++ Will- Dex+4}
Will    +....        H - amulet of faith Stlth
                     B - +6 ring of strength
HPRegen 1.12/turn    n - ring of protection from cold
MPRegen 0.18/turn

%: guardian spirit, faith
@: studying Ranged Weapons
A: fangs 3, regeneration 1, magic shield, antimagic bite, no potion heal 2
a: Renounce Religion, Evoke Blink, Heroism, Finesse, Duel


You were on level 9 of the Dungeon.
You worshipped Okawaru.
Okawaru was exalted by your worship.
You visited 4 branches of the dungeon, and saw 20 of its levels.
You also visited: Gauntlet.

You collected 1268 gold pieces.
You spent 275 gold pieces at shops.

Inventory:

Hand Weapons
 S - the +7 demon whip of Urgency {flame, rElec rN+ Str+4 Int-5}
   (Okawaru gifted it to you on level 5 of the Lair of Beasts)

   Str+4:     It affects your strength (+4).
   Int-5:     It affects your intelligence (-5).
   rElec:     It insulates you from electricity.
   rN+:       It protects you from negative energy.
Missiles
 J - a throwing net
 N - 7 curare-tipped darts (quivered)
Armour
 C - the +0 cloak "Geirul" (worn) {+Blink rPois}
   (Okawaru gifted it to you on level 2 of the Lair of Beasts)

   rPois:     It protects you from poison +Blink: It lets you blink.
 D - the +1 pair of boots of Watchfulness (worn) {rPois rN+++ Will- Dex+4}
   (You bought it in a shop on level 4 of the Dungeon)

   Dex+4:     It affects your dexterity (+4).
   rPois:     It protects you from poison rN+++: It renders you almost immune to
   negative energy.
   Will-:     It decreases your willpower.
 G - a +0 pair of gloves (worn)
 R - the +0 hat of the Wereyak (worn) {rN+++ rCorr Int-2 Slay+3}
   (Okawaru gifted it to you on level 4 of the Lair of Beasts)

   Int-2:     It affects your intelligence (-2).
   Slay+3:    It affects your accuracy & damage with ranged weapons and melee
   (+3).
   rN+++:     It renders you almost immune to negative energy.
   rCorr:     It protects you from acid and corrosion.
 U - the +9 scales of the Dragon King (worn) {rPois rF+ rC+ Will+}
   (You found it in a Gauntlet)

   rF+:       It protects you from fire.
   rC+:       It protects you from cold.
   rPois:     It protects you from poison Will+: It increases your willpower.
 V - a +0 tower shield
Jewellery
 c - a ring of magical power
 n - a ring of protection from cold (right hand)
 v - a ring of wizardry
 y - a ring of ice
 B - a +6 ring of strength (left hand)
 H - an amulet of faith (around neck)
 K - the ring "Wiegyntua" {Fly rElec Str+6 Slay-3 Stlth+}
   (You found it on level 8 of the Dungeon)

   [ring of flight]

   Str+6:     It affects your strength (+6).
   Slay-3:    It affects your accuracy & damage with ranged weapons and melee
   (-3).
   rElec:     It insulates you from electricity.
   Fly:       It grants you flight.
   Stlth+:    It makes you more stealthy.
 O - a ring of positive energy
 W - a ring of resist corrosion
Talismans
 d - a flux talisman
 m - a blade talisman
Wands
 o - a wand of light (2)
 M - a wand of paralysis (12)
 P - a wand of iceblast (16)
 T - a wand of digging (1)
 X - a wand of flame (3)
Scrolls
 a - 2 scrolls of vulnerability {unknown}
 b - 4 scrolls of fog
 f - a scroll of silence {unknown}
 g - 4 scrolls of immolation {unknown}
 j - 4 scrolls of teleportation
 l - 4 scrolls of amnesia {unknown}
 q - 4 scrolls of enchant armour {unknown}
 r - 4 scrolls of noise
 s - a scroll of revelation {unknown}
 w - 2 scrolls of enchant weapon {unknown}
 E - a scroll of summoning {unknown}
 L - 3 scrolls of acquirement {unknown}
Potions
 e - 4 potions of haste
 h - 3 potions of resistance
 i - 3 potions of mutation
 k - 3 potions of ambrosia
 p - 2 potions of might
 t - 3 potions of brilliance
 u - a potion of invisibility
 x - a potion of magic
 z - 9 potions of curing
 A - 4 potions of enlightenment
 F - 2 potions of attraction
 I - 6 potions of cancellation
 Q - a potion of berserk rage


   Skills:
 - Level 10.0 Fighting
 + Level 5.6 Armour
 - Level 4.3 Dodging
 + Level 13.8 Unarmed Combat
 + Level 10.4 Invocations
 + Level 11.9 Shapeshifting


You had 13 spell levels left.
You didn't know any spells.
Your spell library contained the following spells:

 Spells                   Type           Power      Damage    Failure   Level
 Freeze                   Ice            0%         1d3       100%        1
 Kiss of Death            Conj/Necr      0%         2d5       100%        1
 Cigotuvi's Dreadful Rot  Necr/Pois/Air  0%         N/A       100%        2
 Static Discharge         Conj/Air       0%         2-2/arc   100%        2
 Sublimation of Blood     Necr           0%         N/A       100%        2
 Wereblood                Tmut           0%         N/A       100%        2
 Confusing Touch          Hex            0%         N/A       100%        3
 Frozen Ramparts          Ice            0%         1d1       100%        3
 Hailstorm                Conj/Ice       0%         3d3       100%        3
 Ignite Poison            Fire/Tmut/Pois 0%         N/A       100%        3
 Airstrike                Air            0%         2d(0-16)  100%        4
 Dispel Undead            Necr           0%         3d6       100%        4
 Sticky Flame             Conj/Fire      0%         2d3       100%        4
 Lee's Rapid Deconstruct  Erth           0%         3d4*      100%        5
 Ignition                 Fire           0%         3d3       100%        8
 Chain Lightning          Conj/Air       0%         N/A       100%        9
 Fire Storm               Conj/Fire      0%         5d1       100%        9
 Shatter                  Erth           0%         3d5*      100%        9
 Animate Armour           Summ/Erth      Unusable   N/A       N/A         4
 Summon Lightning Spire   Summ/Air       Unusable   N/A       N/A         4
 Death Channel            Necr           Unusable   N/A       N/A         6
 Summon Hydra             Summ           Unusable   N/A       N/A         7

Dungeon Overview and Level Annotations

Branches:
Dungeon (13/15) Zot: 26325  Temple (1/1) D:7 Zot: 5976    Lair (5/5) D:9 Zot: 25095
  Swamp (0/4) Lair:3        Snake (0/4) Lair:2        Slime (0/5) Lair:5
    Orc (1/2) D:9 Zot: 5958 Gauntlet (visited)
 Vaults: D:13-14

Altars:
Ashenzari
Cheibriados
Dithmenos
Elyvilon
Fedhas
Gozag
Hepliaklqana
Kikubaaqudgha
Makhleb
Nemelex Xobeh
Okawaru
Qazlal
Ru
Sif Muna
Trog
Uskayaw
Vehumet
Wu Jian
Xom
Yredelemnul
Zin
The Shining One
Lugonu

Shops:
D:4 [   D:5 (   D:7 (

Portals:
Abyss: D:12 Lair:5

Annotations:
D:3 2 transporters, MisterAzrael's ghost, weakling DrSh
D:11 2 transporters, SirDiesAlot's ghost, journeyman OpSh
D:12 2 transporters, jejorda2's ghost, journeyman GnBe
Lair:4 1 runed translucent door, Rupert


Innate Abilities, Weirdness & Mutations

You have razor-sharp teeth.
Your natural rate of healing is unusually fast.
When hurt, damage is shared between your health and your magic reserves.
Your bite disrupts and absorbs the magic of your enemies.
Potions cannot restore your health.


Message History

The orc knight hits you with a +0 long sword.
The orc knight barely misses you.
You barely miss the orc knight. You bite the orc knight. You drain its power.
You feel invigorated.
The orc knight is lightly wounded.
The orc knight barely misses you.
The orc knight hits you with a +0 long sword!
You punch the orc knight! You bite the orc knight! You drain its power.
You feel invigorated.
The orc knight is moderately wounded.
The orc knight hits you with a +0 long sword.
The orc knight hits you with a +0 long sword!
You closely miss the orc knight. You bite the orc knight. You drain its power.
You feel invigorated.
The orc knight is moderately wounded.
You punch the orc knight! You bite the orc knight! You drain its power.
You feel invigorated.
The orc knight is severely wounded.
The orc knight hits you but does no damage.
You barely miss the orc knight.
The orc knight is severely wounded.
The orc knight barely misses you. x2
You closely miss the orc knight. You punch the orc knight!
Your bite misses the orc knight.
The orc knight is almost dead.
The orc knight barely misses you.
The orc knight hits you with a +0 long sword!!
* * * LOW HITPOINT WARNING * * *
You punch the orc knight!
You kill the orc knight!
Okawaru accepts your kill.
You punch the orc knight! Your bite misses the orc knight.
The orc knight is moderately wounded.
The orc knight hits you with a +0 long sword!!
* * * LOW HITPOINT WARNING * * *
You closely miss the orc knight. Your bite misses the orc knight.
The orc knight is moderately wounded.
The orc knight is no longer blind.
The orc knight hits you with a +0 long sword!
You die...

##
##.###
#.#
#.#
#.#
#.#
#.#
#o#
##o#
#@)#
####


You could see an orc knight (strong) and an orc warrior (strong, blind).

Vanquished Creatures
  A minotaur (Gauntlet)
  2 hydras
  A centaur warrior (D:12)
  4 two-headed ogres
  A tengu warrior (D:12)
  Urug (Lair:1)
  4 thrashing horrors (Lair:5)
  An orc high priest (D:9)
  3 skysharks (Lair:5)
  3 sixfirhies (Gauntlet)
  A lindwurm (Lair:3)
  A swamp dragon (Lair:3)
  A wizard (Gauntlet)
  3 orc knights (D:9)
  Pikel (D:4)
  2 cyclopes
  2 ugly things
  5 black mambas
  2 smoke demons
  An ice statue (Gauntlet)
  2 torpor snails
  8 cane toads
  2 unseen horrors (D:12)
  2 rime drakes
  9 komodo dragons
  An efreet (D:12)
  An ice devil (D:11)
  A kobold demonologist (D:12)
  2 polar bears
  3 trolls
  A raiju (Lair:5)
  3 hornets
  17 blink frogs
  5 slime creatures (D:12)
  A spriggan (Lair:5)
  A shadow (D:10)
  54 yaks
  2 wraiths (D:12)
  4 ynoxinuls (Lair:5)
  6 wyverns
  A human (Lair:4)
  2 steam dragons
  2 large abominations (Lair:5)
  Grum (D:9)
  2 basilisks
  2 chaos spawn
  7 vampire mosquitoes (D:12)
  4 nagas (Lair:2)
  2 wargs (D:9)
  Edmund (D:6)
  23 water moccasins
  2 ice beasts
  5 orc warriors
  A sky beast (D:6)
  8 black bears
  An ogre (D:7)
  10 wolves
  3 lemures
  4 centaurs
  A phantom (D:6)
  5 kobold brigands
  9 bullfrogs
  2 gnoll sergeants
  5 scorpions
  11 small abominations (Lair:5)
  12 wights
  9 killer bees
  6 howler monkeys
  A crimson imp (D:11)
  A quasit (D:11)
  A wyvern simulacrum (D:8)
  A hound (D:5)
  4 orc priests
  A gnoll bouda (D:10)
  3 iron imps (D:6)
  2 jellies
  3 sleepcaps
  Jessica (D:3)
  4 iguanas
  12 orc wizards
  2 centaur simulacra (D:8)
  19 gnolls
  6 adders
  2 shadow imps
  5 white imps
  3 ufetubi
  An adder skeleton (D:3)
  2 adder zombies (D:3)
  A worm (D:5)
  32 orcs
  6 ball pythons
  8 bats
  3 endoplasms
  4 giant cockroaches
  6 goblins
  5 hobgoblins
  10 jackals
  2 quokkas (D:1)
  2 frilled lizards
  11 kobolds
  A quokka skeleton (D:3)
  9 rats
480 creatures vanquished.

Vanquished Creatures (others)
  An iguana (Lair:3)
1 creature vanquished.

Grand Total: 481 creatures vanquished

Notes
Turn   | Place    | Note
-------+----------+-------------------------------------------
     0 | D:1      | Zeldest the Vine Stalker Shapeshifter began the quest for
                  | the Orb.
     0 | D:1      | Reached XP level 1. HP: 9/9 MP: 2/2
    61 | D:1      | Reached skill level 1 in Fighting
   253 | D:1      | You fall into a shaft and drop 1 floor!
   270 | D:2      | Reached XP level 2. HP: 8/14 MP: 3/3
   408 | D:2      | Reached XP level 3. HP: 14/18 MP: 4/4
  1433 | D:3      | Gained mutation: Your natural rate of healing is unusually
                  | fast. [Vine Stalker growth]
  1433 | D:3      | Reached XP level 4. HP: 23/23 MP: 5/5
  1645 | D:3      | Noticed Jessica
  1652 | D:3      | Killed Jessica
  1904 | D:3      | Found a transporter.
  1904 | D:3      | Identified the +6 great mace "Gischir" {heavy, rN+}
  1904 | D:3      | Noticed an ogre
  1905 | D:3      | Noticed MisterAzrael's ghost (weakling DrSh)
  1911 | D:3      | Noticed an ogre
  1955 | D:3      | Reached skill level 4 in Unarmed Combat
  1955 | D:3      | Reached XP level 5. HP: 27/27 MP: 6/6
  2277 | D:4      | Noticed a lemure
  2337 | D:3      | Found a transporter.
  2344 | D:4      | Noticed Pikel
  2390 | D:3      | Killed a lemure
  2395 | D:4      | Noticed a lemure
  2407 | D:3      | Killed a lemure
  2585 | D:4      | Reached XP level 6. HP: 32/32 MP: 7/7
  2782 | D:4      | Killed Pikel
  2783 | D:4      | Reached skill level 5 in Unarmed Combat
  2783 | D:4      | Reached XP level 7. HP: 9/35 MP: 1/8
  2949 | D:4      | Reached skill level 5 in Shapeshifting
  2962 | D:4      | Found Kixkoq's Antique Armour Shop.
  2975 | D:4      | Bought a pair of crude boots for 275 gold pieces
  2975 | D:4      | Identified the +1 pair of boots of Watchfulness {rPois
                  | rN+++ Will- Dex+4} (You bought it in a shop on level 4 of
                  | the Dungeon)
  3244 | D:5      | Entered Level 5 of the Dungeon
  3341 | D:5      | Found Horel's Weapon Boutique.
  3404 | D:5      | Gained mutation: You have razor-sharp teeth. [Vine Stalker
                  | growth]
  3404 | D:5      | Reached XP level 8. HP: 39/39 MP: 9/9
  3407 | D:5      | Reached skill level 6 in Unarmed Combat
  4167 | D:6      | Reached skill level 7 in Unarmed Combat
  4179 | D:6      | Reached XP level 9. HP: 45/45 MP: 10/10
  4466 | D:6      | Noticed Edmund
  4479 | D:6      | Killed Edmund
  4528 | D:6      | Found a burning altar of Makhleb.
  4828 | D:7      | Reached skill level 5 in Fighting
  4842 | D:7      | Reached skill level 8 in Unarmed Combat
  5093 | D:7      | Found Ogocaef's Weapon Shop.
  5099 | D:7      | Noticed a +0 great mace
  5099 | D:7      | Noticed a +0 demon trident
  5214 | D:7      | Found a staircase to the Ecumenical Temple.
  5386 | Temple   | Entered the Ecumenical Temple
  5392 | Temple   | Became a worshipper of Warmaster Okawaru
  5449 | D:7      | Noticed a hornet
  5461 | D:7      | Killed a hornet
  5462 | D:7      | Reached XP level 10. HP: 45/53 MP: 7/11
  5744 | D:8      | Identified the ring "Wiegyntua" {Fly rElec Str+6 Slay-3
                  | Stlth+}
  6133 | D:8      | Reached * piety under Okawaru
  6198 | D:8      | Reached skill level 9 in Unarmed Combat
  6660 | D:8      | Noticed a two-headed ogre
  6666 | D:8      | Killed a two-headed ogre
  6666 | D:8      | Reached ** piety under Okawaru
  6758 | D:9      | Noticed a two-headed ogre
  6773 | D:8      | Killed a two-headed ogre
  6773 | D:8      | Reached *** piety under Okawaru
  6774 | D:8      | Reached skill level 1 in Invocations
  6911 | D:9      | Noticed Grum
  6921 | D:9      | Killed Grum
  6966 | D:9      | Found a sparkling altar of Nemelex Xobeh.
  6970 | D:9      | Found a shimmering altar of Xom.
  6978 | D:9      | Found a glowing golden altar of the Shining One.
  6989 | D:9      | Reached XP level 11. HP: 57/58 MP: 11/13
  7067 | D:9      | Reached **** piety under Okawaru
  7067 | D:9      | Received a gift from Okawaru
  7077 | D:9      | Found a staircase to the Lair.
  7099 | D:9      | Reached skill level 10 in Unarmed Combat
  7445 | D:9      | Found a staircase to the Orcish Mines.
  7480 | D:10     | Entered Level 10 of the Dungeon
  7745 | D:10     | Reached ***** piety under Okawaru
  8367 | Lair:1   | Entered Level 1 of the Lair of Beasts
  8419 | Lair:1   | Received a gift from Okawaru
  8430 | Lair:1   | Reached skill level 5 in Invocations
  8506 | Lair:1   | Noticed Urug
  8535 | Lair:1   | Killed Urug
  8536 | Lair:1   | Reached skill level 1 in Armour
  8601 | Lair:1   | Reached XP level 12. HP: 57/65 MP: 14/17
  8612 | Lair:1   | Reached skill level 11 in Unarmed Combat
  9416 | Lair:2   | Identified the +0 cloak "Geirul" {+Blink rPois} (Okawaru
                  | gifted it to you on level 2 of the Lair of Beasts)
  9416 | Lair:2   | Received a gift from Okawaru
  9710 | Lair:2   | Found a staircase to the Snake Pit.
  9723 | Lair:2   | Reached ****** piety under Okawaru
  9852 | Lair:2   | Reached skill level 10 in Shapeshifting
 10268 | Lair:3   | Found a staircase to the Swamp.
 10310 | Lair:3   | Reached skill level 12 in Unarmed Combat
 10524 | Lair:3   | Reached XP level 13. HP: 66/69 MP: 17/19
 11196 | Lair:4   | Identified the +0 hat of the Wereyak {rN+++ rCorr Int-2
                  | Slay+3} (Okawaru gifted it to you on level 4 of the Lair of
                  | Beasts)
 11196 | Lair:4   | Received a gift from Okawaru
 11475 | Lair:4   | Found a runed translucent door.
 11484 | Lair:4   | Noticed Rupert
 12002 | Lair:5   | Entered Level 5 of the Lair of Beasts
 12162 | Lair:5   | Found a gate leading to a gauntlet.
 12171 | Gauntlet | Entered a Gauntlet
 12171 | Gauntlet | Found a transporter.
 12171 | Gauntlet | Found a transporter.
 12171 | Gauntlet | Found a transporter.
 12172 | Gauntlet | Found a transporter.
 12174 | Gauntlet | Found a transporter.
 12176 | Gauntlet | Found a transporter.
 12183 | Gauntlet | Found a transporter.
 12184 | Gauntlet | Found a transporter.
 12186 | Gauntlet | Found a transporter.
 12190 | Gauntlet | Found a transporter.
 12195 | Gauntlet | Found a transporter.
 12195 | Gauntlet | Found a transporter.
 12201 | Gauntlet | Noticed a great orb of eyes
 12491 | Gauntlet | Identified the staff of Defiance {Contam rF+ Int+5 Fire}
 12585 | Gauntlet | Noticed a minotaur
 12593 | Gauntlet | Found the +9 scales of the Dragon King {rPois rF+ rC+
                  | Will+}
 12599 | Gauntlet | Killed a minotaur
 12603 | Gauntlet | Identified the +2 rapier "Anwew" {freeze, Stlth+}
 12866 | Lair:5   | Found a staircase to the Slime Pits.
 13149 | Lair:5   | Reached skill level 13 in Unarmed Combat
 13304 | Lair:5   | Identified the +7 demon whip of Urgency {flame, rElec rN+
                  | Str+4 Int-5} (Okawaru gifted it to you on level 5 of the
                  | Lair of Beasts)
 13304 | Lair:5   | Received a gift from Okawaru
 13305 | Lair:5   | Reached XP level 14. HP: 76/76 MP: 22/22
 13431 | Lair:5   | Reached skill level 10 in Fighting
 13460 | Lair:5   | Found a corrupted altar of Lugonu.
 13460 | Lair:5   | Found a one-way gate to the infinite horrors of the Abyss.
 14001 | D:11     | Found a transporter.
 14009 | D:11     | Noticed SirDiesAlot's ghost (journeyman OpSh)
 14036 | D:11     | Identified the +5 quick blade of Blind Justice {freeze, rC+
                  | Str+3} (Okawaru gifted it to you on level 11 of the
                  | Dungeon)
 14036 | D:11     | Received a gift from Okawaru
 14381 | D:11     | Found a transporter.
 14513 | D:12     | Found a transporter.
 14788 | D:12     | Reached skill level 10 in Invocations
 14946 | D:12     | Reached skill level 5 in Armour
 15018 | D:12     | Found a transporter.
 15105 | D:12     | Noticed jejorda2's ghost (journeyman GnBe)
 15671 | D:12     | Received a gift from Okawaru
 15914 | Orc:1    | Entered Level 1 of the Orcish Mines
 16138 | D:9      | Slain by an orc knight

Illustrated notes

Levels and vault maps discovered:
D:1:      wander_arrival_estate, layout_basic, minmay_misc_feat_rows,
          minmay_misc_feat_enclosed
D:2:      layout_loops_ring, nicolae_houndstooth_variations
D:3:      layout_basic, serial_undead, serial_undead_e, serial_undead_c,
          serial_undead_b, serial_undead_b, serial_undead_e,
          gammafunk_ghost_smash, uniq_jessica
D:4:      layout_loops_ring, serial_shops, shop, uniq_pikel
D:5:      layout_loops_ring, serial_shops, nicolae_shop_back_alley_shop
D:6:      layout_rooms, demons_altar, nicolae_zen_rock_garden, uniq_edmund
D:7:      layout_loops_corners, minmay_temple_entry_sparse_star, serial_shops,
          nicolae_shop_mannequins
D:8:      layout_loops_corners, serial_ice, serial_ice_h, serial_ice_a,
          serial_ice_m, serial_ice_c
D:9:      layout_basic, gammafunk_temple_overflow_forgotten,
          minmay_lair_entry_grove, orc_0_dummy, uniq_grum
D:10:     layout_loops_ring
D:11:     layout_small_grid, nzn_ghost_randoct, nicolae_demonic_statue_gallery
D:12:     layout_cave_pods, gammafunk_ghost_abyssal_escape
D:13:     minmay_four_partial_circles, layout_rooms
Temple:   eino_narrow_crystal_temple
Lair:1:   layout_misc_corridors, lemuel_fruit_fields,
          infiniplex_staircase_pool_2, uniq_urug
Lair:2:   layout_roguey, minmay_snake_entry_guardpost_medium,
          beast_lair_carwin_1, grunt_megastairs_2, lemuel_fruit_fields
Lair:3:   layout_regular_city, minmay_swamp_entry_reptiles
Lair:4:   layout_cave_pods, portal_ice_cave_entry_pillars_2, minivault_24,
          pdpol_lair_cabin_in_the_woods, serial_bayou_shore_b, uniq_rupert
Lair:5:   hellmonk_lair_end_abyssal_woods, layout_gridlike,
          dpeg_slime_entry_enclosed, gauntlet_entry_generic, grunt_megastairs_4
Orc:1:    layout_caves, guppyfry_orc_lava_fort

Skill      XL: |  1  2  3  4  5  6  7  8  9 10 11 12 13 14 |
---------------+-------------------------------------------+-----
Fighting       | 1 2 3 5 7 8 9 10 | 10.0
Unarmed Combat | 4 5 7 8 9 10 12 13 | 13.8
Shapeshifting  | 4 5 6 7 8 9 10 11 | 11.9
Dodging        | 2 3 4 |  4.3
Invocations    | 2 5 7 9 10 | 10.4
Armour         | 1 4 5 |  5.6

Action                     |  1- 3 |  4- 6 |  7- 9 | 10-12 | 13-15 || total
---------------------------+-------+-------+-------+-------+-------++-------
  Melee: Unarmed           |    97 |   143 |   237 |   594 |   632 ||  1703
         Bite              |    11 |    42 |   103 |   252 |   280 ||   688
         Punch             |     2 |     7 |     1 |       |    34 ||    44
 Invoke: Heroism           |       |       |       |     1 |     6 ||     7
         Finesse           |       |       |       |       |     1 ||     1
Ability: Evoke Blink       |       |       |       |       |     1 ||     1
  Evoke: Wand              |       |       |       |       |     5 ||     5
    Use: Potion            |     1 |     1 |       |       |     1 ||     3
         Scroll            |       |       |       |    14 |     5 ||    19
   Stab: Sleeping          |     3 |     1 |     1 |       |       ||     5
         Invisible         |       |       |       |       |     5 ||     5
 Armour: Animal skin       |    19 |    15 |    14 |       |       ||    48
         Skin              |     7 |     6 |       |       |     8 ||    21
         Scale mail        |       |       |    31 |   173 |    51 ||   255
         Gold dragon scale |       |       |       |       |   396 ||   396
  Dodge: Dodged            |    52 |    55 |   111 |   393 |   267 ||   878
  Block: Other             |     1 |    25 |    35 |       |       ||    61
         Reflection        |       |       |     2 |       |       ||     2
   Form: Flux              |       |       |     1 |       |     1 ||     2
         Blade             |       |       |       |       |     2 ||     2
                           |       |       |       |       |     1 ||     1

Table legend: (Time is in decaauts)
 A = Elapsed time spent in this place.
 B = Non-inter-level travel time spent in this place.
 C = Inter-level travel time spent in this place.
 D = Time resting spent in this place.
 E = Time spent auto-exploring this place.
 F = Levels seen in this place.
 G = Mean time per level.
                   A        B        C        D        E       F      G
               +--------+--------+--------+--------+--------+-----+--------+
         Total |  15857 |  14953 |    904 |   1741 |   9169 |  21 |  755.1 |
       Dungeon |  10452 |   9807 |    645 |   1241 |   6275 |  13 |  804.0 |
        Temple |     23 |     23 |      0 |      0 |      0 |   1 |   23.0 |
          Lair |   4904 |   4647 |    257 |    444 |   2766 |   5 |  980.8 |
  Orcish Mines |     41 |     41 |      0 |      0 |      0 |   1 |   41.0 |
      Gauntlet |    435 |    435 |      0 |     56 |    128 |   1 |  435.0 |
               +--------+--------+--------+--------+--------+-----+--------+

Top non-repeatable levels by time:
  Lair:5: 1269 daAuts
    D:12: 1178 daAuts
     D:7: 1092 daAuts
  Lair:4: 1087 daAuts
     D:8: 1051 daAuts
     D:3: 1020 daAuts
     D:9: 930 daAuts
  Lair:2: 918 daAuts
  Lair:3: 899 daAuts
    D:10: 894 daAuts
     D:4: 793 daAuts
     D:2: 744 daAuts
     D:5: 743 daAuts
  Lair:1: 729 daAuts
    D:11: 693 daAuts
